 Dungeon Crawl Stone Soup version 0.28-a0-1199-gef9e1dbd39 (webtiles) character file.

Game seed: 12536670076334048279

342 Peloso the Covered (level 6, -8/55 HPs)
             Began as a Minotaur Fighter on Dec 19, 2021.
             Mangled by an ogre (19 damage)
             ... on level 4 of the Dungeon.
             The game lasted 00:04:46 (3220 turns).

Peloso the Covered (Minotaur Fighter)               Turns: 3220, Time: 00:04:47

Health: -8/55      AC: 10    Str: 21    XL:     6   Next: 30%
Magic:  5/5        EV:  8    Int:  5    God:
Gold:   149        SH:  4    Dex: 11    Spells: 5/5 levels left

rFire   . . .      SeeInvis .   a - +0 long sword
rCold   . . .      Faith    .   c - +0 buckler
rNeg    . . .      Spirit   .   l - +0 chain mail
rPois   .          Reflect  .   (helmet restricted)
rElec   .          Harm     .   (no cloak)
rCorr   .          Rampage  .   (no gloves)
Will    .....                   (no boots)
Stlth   ..........              (no amulet)
HPRegen 0.18/turn               (no ring)
MPRegen 0.09/turn               (no ring)

@: no status effects
A: horns 2, retaliatory headbutt
a: no special abilities


You were on level 4 of the Dungeon.
You visited 1 branch of the dungeon, and saw 4 of its levels.

You collected 149 gold pieces.

Inventory:

Hand Weapons
 a - a +0 long sword (weapon)
Armour
 b - a +0 scale mail
 c - a +0 buckler (worn)
 l - a +0 chain mail (worn)
Jewellery
 h - a +6 ring of intelligence
Scrolls
 f - 2 scrolls of teleportation {unknown}
 g - 3 scrolls of identify {unknown}
 i - a scroll of magic mapping {unknown}
 j - a scroll of enchant armour {unknown}
 m - a scroll of fear {unknown}
 n - 2 scrolls of enchant weapon {unknown}
 q - a scroll of immolation {unknown}
Potions
 d - a potion of might
 e - 2 potions of magic {unknown}
 k - a potion of lignification {unknown}
 o - a potion of mutation {unknown}
 p - 2 potions of haste


   Skills:
 + Level 4.9 Fighting
 + Level 5.2 Long Blades
 + Level 5.5 Armour
 + Level 1.3 Dodging
 + Level 0.3 Stealth
 + Level 4.2 Shields


You had 5 spell levels left.
You didn't know any spells.
Your spell library contained the following spells:

 Spells                   Type           Power      Damage    Failure   Level
 Foxfire                  Conj/Fire      0%         2x1d4     99%         1
 Sandblast                Erth           0%         2d4       99%         1
 Passwall                 Tmut/Erth      0%         N/A       100%        2
 Static Discharge         Conj/Air       0%         N/A       100%        2
 Stone Arrow              Conj/Erth      0%         3d7       100%        3
 Freezing Cloud           Conj/Ice/Air   0%         6-21      100%        5
 Lightning Bolt           Conj/Air       0%         1d11      100%        5
 Maxwell's Capacitive Co  Air            0%         ∞         100%        8
 Fire Storm               Conj/Fire      0%         5d1       100%        9


Dungeon Overview and Level Annotations

Branches:
Dungeon (4/15)
 Temple: D:4-7

Altars:
Sif Muna


Innate Abilities, Weirdness & Mutations

You have a pair of horns on your head.
You reflexively headbutt those who attack you in melee.


Message History

The orc hits you but does no damage.
You hit the orc. Your headbutt misses the orc.
The orc is heavily wounded.
The orc hits you but does no damage. You block the orc's attack.
You barely miss the orc.
The orc is heavily wounded.
An ogre comes into view. It is wielding a +0 giant spiked club.
The orc hits you with a +0 dagger. The orc closely misses you.
You furiously retaliate!
You headbutt the orc!
You kill the orc!
The ogre shouts!
You slash the orc!
You kill the orc!
Things that are here:
a +0 dagger; 3 boomerangs of dispersal; an orc corpse
Things that are here:
a +1 vampiric dagger; a +0 trident
Items here: )) [[ ††.
A ball python comes into view.
Found a stone staircase leading up.
The ball python hisses angrily.
Found a stone staircase leading down.
You hear the hiss of an avalanche of sand very nearby.
You slash the ball python!
You kill the ball python!
Found an escape hatch in the floor.
Found a scroll labelled SAOKHA ZYGGILU.
Found an escape hatch in the ceiling.
The ogre hits you with a +0 giant spiked club!!
You closely miss the ogre. You headbutt the ogre.
The ogre is moderately wounded.
You barely miss the ogre.
The ogre is moderately wounded.
The ogre hits you with a +0 giant spiked club!
* * * LOW HITPOINT WARNING * * *
You hit the ogre.
You headbutt the ogre, but do no damage.
The ogre is heavily wounded.
The ogre hits you with a +0 giant spiked club!!
You die...

.........
........
...<........
.....#.....
##?..##...##
##.......>..##
#...........^#
#........O@..#
#.>..<.....###
#.........#
##....#...# #
###..##### #
###...# #
#.....# #
#.##..# #
#.##..#


You could see an ogre.

Vanquished Creatures
  A phantom (D:4)
  A bullfrog skeleton (D:4)
  Terence (D:2)
  2 orc wizards (D:4)
  3 gnolls
  4 adders (D:2)
  2 dart slugs
  3 worms
  13 orcs
  5 ball pythons
  4 bats
  3 endoplasms
  2 giant cockroaches
  5 goblins
  5 hobgoblins
  6 jackals
  A quokka (D:2)
  3 frilled lizards
  2 kobolds
  6 rats
72 creatures vanquished.

Vanquished Creatures (others)
  51 plants (D:1)
51 creatures vanquished.

Grand Total: 123 creatures vanquished

Notes
Turn   | Place    | Note
-------+----------+-------------------------------------------
     0 | D:1      | Peloso the Minotaur Fighter began the quest for the Orb.
     0 | D:1      | Reached XP level 1. HP: 19/19 MP: 0/0
   314 | D:1      | Reached XP level 2. HP: 27/27 MP: 1/1
  1114 | D:2      | Found a shimmering blue altar of Sif Muna.
  1116 | D:2      | Found a faded altar of an unknown god.
  1134 | D:2      | Reached XP level 3. HP: 32/34 MP: 2/2
  1550 | D:2      | Got the Catalogue of the Glacier and the Blaze
  1585 | D:2      | Reached XP level 4. HP: 37/41 MP: 3/3
  1670 | D:2      | Noticed Terence
  1682 | D:2      | Killed Terence
  1860 | D:2      | Reached skill level 1 in Dodging
  2337 | D:3      | Reached XP level 5. HP: 47/47 MP: 4/4
  2992 | D:4      | Noticed a phantom
  3005 | D:4      | Killed a phantom
  3006 | D:4      | Reached skill level 5 in Armour
  3041 | D:4      | Reached skill level 5 in Long Blades
  3041 | D:4      | Reached XP level 6. HP: 36/53 MP: 5/5
  3220 | D:4      | Mangled by an ogre

Illustrated notes

Levels and vault maps discovered:
D:1:      roderic_crop_circles_arrival_small, layout_basic, grunt_decor_clamped
D:2:      layout_basic, basic_altar, basic_ecumenical_altar,
          minmay_tree_intersection, uniq_terence
D:3:      layout_basic
D:4:      layout_rooms, nicolae_ossuary_entry_catacombs, goddamned_bats

Skill      XL: |  1  2  3  4  5 |
---------------+----------------+-----
Armour         | 4 5 |  5.5
Shields        | 4 |  4.2
Fighting       | 4 |  4.9
Long Blades    | 3 4 5 |  5.2
Dodging        | 1 |  1.3
Stealth        | |  0.3

Action                   |  1- 3 |  4- 6 || total
-------------------------+-------+-------++-------
Melee: Long sword        |   120 |   116 ||   236
       Headbutt          |    26 |    19 ||    45
Armor: Scale mail        |    42 |       ||    42
       Chain mail        |     2 |    59 ||    61
Dodge: Dodged            |    39 |    43 ||    82
Block: Buckler           |    15 |    20 ||    35

Table legend: (Time is in decaauts)
 A = Elapsed time spent in this place.
 B = Non-inter-level travel time spent in this place.
 C = Inter-level travel time spent in this place.
 D = Time resting spent in this place.
 E = Time spent auto-exploring this place.
 F = Levels seen in this place.
 G = Mean time per level.
                   A        B        C        D        E       F      G
               +--------+--------+--------+--------+--------+-----+--------+
         Total |   3274 |   3211 |     63 |    101 |   2313 |   4 |  818.5 |
       Dungeon |   3274 |   3211 |     63 |    101 |   2313 |   4 |  818.5 |
               +--------+--------+--------+--------+--------+-----+--------+

Top non-repeatable levels by time:
     D:1: 1236 daAuts
     D:2: 997 daAuts
     D:3: 774 daAuts
     D:4: 265 daAuts
